 Dungeon Crawl Stone Soup version 0.16-a0-623-g20b2139 (webtiles) character file.

394 PolkaDot the Caller (level 6, -4/41 HPs)
             Began as a Vampire Summoner on Sept 18, 2014.
             Was an Initiate of Sif Muna.
             Slain by an ogre
             ... wielding a +0 giant club
              (23 damage)
             ... on Level 5 of the Dungeon.
             The game lasted 00:17:05 (6393 turns).

PolkaDot the Caller (Vampire Summoner)              Turns: 6393, Time: 00:17:05

HP  -4/41        AC  2     Str  7      XL: 6   Next: 52%
MP   8/10        EV 12     Int 19      God: Sif Muna [......]
Gold 194         SH  4     Dex 14      Spells:  3 memorised,  3 levels left

rFire  . . .     SeeInvis +     q - +0 trident
rCold  + . .     Clarity  .     a - +0 robe
rNeg   . . .     rCorr    .     k - +0 buckler
rPois  .         rRot     .     (no helmet)
rElec  .         Spirit   .     (no cloak)
SustAb .         Warding  .     (no gloves)
rMut   .         Stasis   .     (no boots)
Gourm  .                        (no amulet)
MR     +....                    f - ring of protection from cold
                                i - ring of protection from magic

@: regenerating quickly, somewhat resistant to hostile enchantments, unstealthy
A: bottle blood, fangs 3, see invisible, unbreathing
a: Bottle Blood, Renounce Religion


You were on level 5 of the Dungeon.
You worshipped Sif Muna.
Sif Muna was noncommittal.
You were full.

You visited 1 branch of the dungeon, and saw 5 of its levels.
You also visited: Sewer.

You collected 194 gold pieces.

Inventory:

Hand weapons
 q - a +0 trident (weapon)
Armour
 a - a +0 robe (worn)
 k - a +0 buckler (worn)
Scrolls
 d - 2 scrolls of teleportation
 e - 2 scrolls of blinking
 g - 5 scrolls of immolation
 h - a scroll of noise
 l - a scroll of recharging
Jewellery
 f - a ring of protection from cold (right hand)
 i - a ring of protection from magic (left hand)
Potions
 m - a potion of curing
 n - 3 potions of heal wounds
 o - a potion of restore abilities
Books
 b - a book of Callings

   Spells                             Type                      Level
   *Summon Small Mammal               Summoning                    1
   *Call Imp                          Summoning                    2
   *Call Canine Familiar              Summoning                    3
   Summon Guardian Golem              Hexes/Summoning              4
   Summon Lightning Spire             Summoning/Air                4
   Summon Ice Beast                   Ice/Summoning                4


   Skills:
 - Level 2.1 Dodging
 - Level 3.0 Stealth
 - Level 1.0 Shields
 - Level 2.0 Spellcasting
 + Level 7.8 Summonings


You had 3 spell levels left.
You knew the following spells:

 Your Spells              Type           Power        Failure   Level  Hunger
a - Summon Small Mammal   Summ           ####         1%          1    #......
d - Call Canine Familiar  Summ           ####....     1%          3    ####...
s - Call Imp              Summ           ####....     1%          2    ##.....


Dungeon Overview and Level Annotations

Branches:
Dungeon (5/15)
 Temple: D:4-7

Altars:
Ashenzari
Cheibriados
Fedhas
Gozag
Makhleb
Sif Muna
Xom
Yredelemnul
Zin
The Shining One


Innate Abilities, Weirdness & Mutations

Your natural rate of healing is unusually fast.
You can bottle blood from corpses.
You have razor-sharp teeth.
You have supernaturally acute eyesight.
You can survive without breathing.


Message History

Your hound bites the ogre.
Your hound bites the ogre. x2
You hit the ogre.
The ogre is heavily wounded.
Your hound barely misses the ogre.
The ogre closely misses you.
You hit the ogre.
The ogre is heavily wounded.
Your hound barely misses the ogre.
The shadow imp grins evilly.
The ogre hits you with a giant club!
Your hound closely misses the ogre.
You barely miss the ogre.
The ogre is heavily wounded.
Your hound closely misses the ogre.
The ogre hits you with a giant club!
* * * LOW HITPOINT WARNING * * *
Your hound bites the ogre.
You puncture the ogre!
The ogre is almost dead.
Your hound bites the ogre.
The ogre hits you with a giant club!!
Ouch! That really hurt!
You die...

.#... .#..###
..... # #...#
#.#...# #.....#
########5h#
#.......O.#######
#.####..@>.......
#.####.#..#######
#..<.#.#....#
######.#..#.#
..#......
###.##.### ... .
### #


You could see an ogre, a shadow imp and a friendly hound.

Vanquished Creatures
  A worker ant (D:5)
  5 adders
  3 worms
  A giant mite (D:4)
  A giant gecko (D:1)
  An orc (D:4)
  A ball python (D:3)
  A bat skeleton (D:4)
  7 giant cockroaches
  6 goblins
  4 hobgoblins
  2 jackals (D:2)
  2 quokkas
  5 bats
  4 giant newts
  7 kobolds
  A quokka skeleton (D:4)
  13 rats
65 creatures vanquished.

Vanquished Creatures (collateral kills)
  A centaur (D:5)
  A big kobold (Sewer)
  2 scorpions (D:4)
  A centaur zombie (D:5)
  A worker ant (D:3)
  3 gnolls (D:4)
  2 giant mites
  2 green rats (Sewer)
  An adder (D:2)
  A worm (D:3)
  An ooze (D:3)
  6 orcs
  5 jackals
  7 kobolds
  2 bats
  A giant gecko (D:4)
  2 rats
39 creatures vanquished.

Vanquished Creatures (others)
  3 hounds
  An iron imp (D:4)
  A bat (D:2)
  A goblin (D:3)
  4 quokkas (D:2)
10 creatures vanquished.

Grand Total: 114 creatures vanquished

Notes
Turn   | Place    | Note
--------------------------------------------------------------
     0 | D:1      | PolkaDot, the Vampire Summoner, began the quest for the Orb.
     0 | D:1      | Reached XP level 1. HP: 13/13 MP: 3/3
   776 | D:1      | Reached XP level 2. HP: 8/19 MP: 4/4
  1432 | D:2      | Reached skill level 1 in Shields
  1665 | D:2      | Reached XP level 3. HP: 15/24 MP: 4/6
  1941 | D:2      | Reached skill level 5 in Summonings
  1985 | D:2      | Learned a level 3 spell: Call Canine Familiar
  1988 | D:2      | Learned a level 2 spell: Call Imp
  2130 | D:2      | Found an opulent altar of Gozag.
  2412 | D:2      | Found a glowing silver altar of Zin.
  2412 | D:2      | Found a burning altar of Makhleb.
  2413 | D:2      | Noticed a green death
  2413 | D:2      | Noticed an angel
  2636 | D:3      | Found a basalt altar of Yredelemnul.
  2639 | D:3      | Found a glowing golden altar of the Shining One.
  2721 | D:3      | Found a blossoming altar of Fedhas.
  2737 | D:3      | Reached XP level 4. HP: 23/30 MP: 7/7
  2783 | D:3      | Found a glowing drain.
  2803 | Sewer    | Entered a sewer
  2910 | Sewer    | Noticed a big kobold
  2938 | Sewer    | Killed a big kobold
  2938 | Sewer    | Reached skill level 6 in Summonings
  3060 | Sewer    | Found a glowing silver altar of Zin.
  3151 | D:3      | Reached XP level 5. HP: 10/35 MP: 6/9
  3481 | D:4      | Found a snail-covered altar of Cheibriados.
  3486 | D:4      | Found a shimmering altar of Xom.
  3515 | D:5      | Entered Level 5 of the Dungeon
  3640 | D:5      | Found a deep blue altar of Sif Muna.
  3647 | D:5      | Became a worshipper of Sif Muna the Loreminder
  4322 | D:3      | Noticed an angel
  4348 | D:3      | Noticed a profane servitor
  4461 | D:4      | Found a shattered altar of Ashenzari.
  4967 | D:4      | Reached skill level 7 in Summonings
  5075 | D:4      | Reached XP level 6. HP: 18/41 MP: 1/10
  5926 | D:5      | Noticed a centaur
  5935 | D:5      | Killed a centaur
  6383 | D:5      | Noticed an ogre
  6393 | D:5      | Slain by an ogre

Action                   |  1- 3 |  4- 6 || total
-------------------------+-------+-------++-------
Melee: Dagger            |   129 |   239 ||   368
       Unarmed           |    16 |       ||    16
       Trident           |       |     6 ||     6
 Cast: Summon Small Mamm |    20 |     1 ||    21
       Call Canine Famil |     2 |    15 ||    17
       Call Imp          |     1 |    17 ||    18
  Use: Potion            |     3 |     2 ||     5
       Scroll            |     3 |     9 ||    12
 Stab: Sleeping          |     6 |     5 ||    11
  Eat: Corpse            |     9 |    21 ||    30
